 Dungeon Crawl Stone Soup version 0.31.0-11-ge490571c62 (webtiles) character file.

Game seed: 4168164044021574344

3080 CougarLife the Cleaver (level 9, -1/121 HPs)
             Began as a Minotaur Berserker on Jan 31, 2024.
             Was an Elder of Trog.
             Slain by Joseph
             ... wielding a +0 quarterstaff
              (19 damage)
             ... on level 7 of the Dungeon.
             The game lasted 00:10:40 (7177 turns).

CougarLife the Cleaver (Minotaur Berserker)         Turns: 7177, Time: 00:10:41

Health: -1/121     AC:  6    Str: 24    XL:     9   Next: 58%
Magic:  8/8        EV: 10    Int:  6    God:    Trog [****..]
Gold:   143        SH:  9    Dex: 10    Spells: 8/8 levels left

rFire   . . .        t - +0 hand axe (flame)
rCold   + + .        c - +0 kite shield
rNeg    . . .        q - +1 leather armour of the Forest {rC++ rCorr}
rPois   +            (helmet restricted)
rElec   .            s - +1 cloak {rPois}
rCorr   +            (no gloves)
SInv    .            (no boots)
Will    ++...        (no amulet) Stlth
                     (no ring)
HPRegen 1.40/turn    (no ring)
MPRegen 0.11/turn

%: no passive effects
@: berserking, strong-willed, regenerating, very quick
A: horns 2, retaliatory headbutt
a: Renounce Religion, Berserk, Trog's Hand, Brothers in Arms


You were on level 7 of the Dungeon.
You worshipped Trog.
Trog was greatly pleased with you.
You visited 1 branch of the dungeon, and saw 7 of its levels.
You also visited: Ossuary.

You collected 395 gold pieces.
You spent 252 gold pieces at shops.

Inventory:

Hand Weapons
 t - a +0 hand axe of flaming (weapon)
Missiles
 d - 17 poisoned darts
 i - 6 javelins
 o - 5 boomerangs (quivered)
 r - 2 throwing nets
 C - a curare-tipped dart
Armour
 c - a +0 kite shield (worn)
 q - the +1 leather armour of the Forest (worn) {rC++ rCorr}
   (You found it on level 3 of the Dungeon)

   rC++:      It greatly protects you from cold.
   rCorr:     It protects you from acid and corrosion.
 s - a +1 cloak of poison resistance (worn)
Jewellery
 A - a ring of willpower
Wands
 y - a wand of flame (7)
 D - a wand of mindburst (6)
Scrolls
 e - a scroll of enchant armour
 f - 2 scrolls of revelation
 h - a scroll of fog {unknown}
 j - 2 scrolls of enchant weapon
 k - 2 scrolls of teleportation
 l - 2 scrolls of noise
 u - a scroll of acquirement {unknown}
 x - a scroll of poison {unknown}
 z - a scroll of vulnerability {unknown}
 B - a scroll of identify
Potions
 a - 5 potions of curing
 b - 3 potions of enlightenment
 g - 2 potions of attraction {unknown}
 m - a potion of degeneration {unknown}
 n - a potion of ambrosia {unknown}
 p - 3 potions of lignification {unknown}
 v - 4 potions of heal wounds {unknown}
 w - a potion of brilliance {unknown}


   Skills:
 - Level 8.1 Fighting
 + Level 12.7 Axes
 - Level 2.4 Armour
 - Level 2.1 Dodging
 * Level 7.3 Shields


You had 8 spell levels left.
You didn't know any spells.
Your spell library was empty.

Dungeon Overview and Level Annotations

Branches:
Dungeon (7/15)             Temple (0/1) D:4         Ossuary (visited)

Altars:
Cheibriados
Sif Muna

Shops:
D:4 *[**[   D:7 !

Annotations:
D:7 Joseph


Innate Abilities, Weirdness & Mutations

You have a pair of horns on your head.
You reflexively headbutt those who attack you in melee.


Message History

You kill the jelly!
Trog accepts your kill.
No target in view!
No target in view!
You feel sick.
You feel sick.
You feel sick.
You feel sick.
You are no longer poisoned.
You start resting.
Joseph is nearby!
You see here a +0 robe.
You start resting.
Joseph is nearby!
Joseph shouts!
Joseph shoots a sling bullet.
The sling bullet hits you!! The sling bullet freezes you.
Joseph zaps a wand.
The roots erupt in riotous growth!
The grasping roots grab you! The grasping roots constrict you.
You see here a +0 robe.
The roots grasp on you weakens, but your attempt to escape fails.
The grasping roots constrict you!
The grasping roots release their grip on you.
Your skin crawls.
You feel strong-willed.
Joseph shoots a sling bullet.
The sling bullet hits you!
* * * LOW HITPOINT WARNING * * *
The sling bullet freezes you.
* * * LOW HITPOINT WARNING * * *
A red film seems to cover your vision as you go berserk!
You feel yourself moving faster!
You feel mighty!
Joseph shoots a sling bullet.
The sling bullet hits you!
* * * LOW HITPOINT WARNING * * *
The sling bullet freezes you.
* * * LOW HITPOINT WARNING * * *
You feel a strong urge to attack something.
Joseph unwields a +3 sling of freezing.
Joseph wields a +0 quarterstaff.
Joseph hits you with a +0 quarterstaff!!
You die...

#.........# #.........#####.
#........!......
#............... .....#
#......[....... .....#
.............
.....#############...........
...............[@@..†.....!?.
...[.###...#######...........
.....# #...# #..#.##....##
.....###...# ###.##.# ##...
∩.....##...####......# ..
................#........ ..
.........#..........##.#. ...
.....##.#.....#####......
....##
.....##...#.........##..
......


You could see Joseph.

Vanquished Creatures
  Grinder (D:5)
  Sigmund (D:5)
  A water moccasin (D:6)
  Duvessa (D:5)
  An orc warrior (D:6)
  An ice beast (D:7)
  A sky beast (D:6)
  A black bear (D:5)
  A centaur (D:7)
  2 kobold brigands
  A weeping skull (Ossuary)
  5 scorpions
  3 bullfrogs
  A water moccasin zombie (Ossuary)
  Dowan (D:5)
  2 howler monkeys (D:6)
  2 centaur zombies (Ossuary)
  2 bullfrog zombies (Ossuary)
  A hound (D:4)
  2 human zombies (Ossuary)
  2 jellies (D:7)
  4 orc priests
  2 bombardier beetles
  A gnoll bouda (D:5)
  3 scorpion zombies (Ossuary)
  A sleepcap (D:4)
  3 iguanas
  5 orc wizards
  4 ogre zombies (Ossuary)
  A mummy (D:4)
  5 gnolls
  7 adders
  3 shadow imps
  A white imp (D:6)
  2 ufetubi (D:6)
  2 adder zombies (Ossuary)
  7 dart slugs
  5 ribbon worms
  20 orcs
  2 bats (D:1)
  7 endoplasms
  2 giant cockroaches (D:2)
  3 gnoll zombies (Ossuary)
  7 goblins
  14 hobgoblins
  7 quokkas
  5 ball pythons
  3 frilled lizards
  5 goblin zombies
  2 hobgoblin zombies (Ossuary)
  12 kobolds
  2 orc zombies
  2 rats (D:2)
182 creatures vanquished.

Notes
Turn   | Place    | Note
-------+----------+-------------------------------------------
     0 | D:1      | CougarLife the Minotaur Berserker began the quest for the
                  | Orb.
     0 | D:1      | Reached XP level 1. HP: 19/19 MP: 0/0
    76 | D:1      | Reached skill level 4 in Axes
   100 | D:1      | Reached XP level 2. HP: 27/27 MP: 1/1
   500 | D:1      | Reached XP level 3. HP: 30/33 MP: 2/2
   982 | D:2      | Reached skill level 5 in Axes
  1450 | D:2      | Reached ** piety under Trog
  1786 | D:3      | Reached XP level 4. HP: 41/41 MP: 3/3
  2054 | D:3      | Identified the +0 chain mail of Exclusion {Int+2}
  2090 | D:3      | Identified the +1 leather armour of the Forest {rC++ rCorr}
  2742 | D:4      | Found Buheogaa's Assorted Antiques.
  2800 | D:4      | Reached skill level 5 in Fighting
  2800 | D:4      | Reached skill level 6 in Axes
  2800 | D:4      | Reached XP level 5. HP: 31/48 MP: 4/4
  2811 | D:4      | Found Bikerph's Armour Shoppe.
  2820 | D:4      | Bought a +1 cloak of poison resistance for 189 gold pieces
  2876 | D:4      | Found a staircase to the Ecumenical Temple.
  3149 | D:4      | Found Anosaboi's Antique Armour Boutique.
  3197 | D:4      | Found Ciuplewis's General Store.
  3213 | D:4      | Found Geugrost's Assorted Antiques.
  3263 | D:4      | Found a sand-covered staircase.
  3269 | Ossuary  | Entered an ossuary
  3284 | Ossuary  | Reached XP level 6. HP: 56/56 MP: 5/5
  3298 | Ossuary  | Reached skill level 7 in Axes
  3429 | Ossuary  | Reached *** piety under Trog
  3464 | Ossuary  | Reached skill level 8 in Axes
  3464 | Ossuary  | Reached XP level 7. HP: 25/63 MP: 6/6
  3770 | Ossuary  | Reached skill level 9 in Axes
  3773 | Ossuary  | Noticed a silent spectre
  3927 | D:4      | Bought a +0 kite shield for 63 gold pieces
  4367 | D:5      | Entered Level 5 of the Dungeon
  4566 | D:5      | Reached XP level 8. HP: 45/73 MP: 7/7
  4666 | D:5      | Noticed Sigmund
  4676 | D:5      | Killed Sigmund
  4677 | D:5      | Reached skill level 10 in Axes
  4894 | D:5      | Noticed Grinder
  4913 | D:5      | Killed Grinder
  4914 | D:5      | Reached skill level 11 in Axes
  5140 | D:5      | Noticed Duvessa
  5140 | D:5      | Noticed Dowan
  5145 | D:5      | Killed Duvessa
  5157 | D:5      | Killed Dowan
  5565 | D:6      | Reached **** piety under Trog
  5572 | D:6      | Reached XP level 9. HP: 81/81 MP: 8/8
  5576 | D:6      | Reached skill level 12 in Axes
  6367 | D:6      | Reached skill level 5 in Shields
  6475 | D:6      | Found a snail-covered altar of Cheibriados.
  6476 | D:6      | Found a shimmering blue altar of Sif Muna.
  6728 | D:7      | Found Jock's Distillery.
  6761 | D:7      | Noticed Joseph
  7177 | D:7      | Slain by Joseph

Illustrated notes

Levels and vault maps discovered:
D:1:      amcnicky_arrival_gap_in_the_tavern_cellar, layout_basic, minmay_tall_x
D:2:      layout_basic
D:3:      layout_basic, kennysheep_generic_room_14
D:4:      layout_basic, minmay_temple_entry_sparse_star, serial_shops,
          nicolae_lakefront_shop, shop, shop,
          nicolae_shop_pleasant_corner_grove, nicolae_shop_hallway_stairs,
          nicolae_ossuary_entry_giza, nicolae_figureground_pulse
D:5:      layout_rooms, grunt_ministairs_9, uniq_sigmund, uniq_duvessa,
          uniq_grinder
D:6:      layout_basic, gammafunk_temple_overflow_pools
D:7:      layout_rooms, serial_shops, shop, shop, shop,
          nicolae_shop_rolling_square, shop, uniq_joseph

Skill      XL: |  1  2  3  4  5  6  7  8  9 |
---------------+----------------------------+-----
Axes           | 4 5 6 8 9 11 12 | 12.7
Fighting       | 4 5 6 7 8 |  8.1
Shields        | 3 7 |  7.3
Armour         | |  2.4
Dodging        | |  2.1

Action                     |  1- 3 |  4- 6 |  7- 9 || total
---------------------------+-------+-------+-------++-------
  Melee: Hand axe          |   100 |   135 |   236 ||   471
         Headbutt          |    12 |    34 |    36 ||    82
         Punch             |       |     2 |     1 ||     3
  Throw: Boomerang         |       |       |     1 ||     1
 Invoke: Trog's Hand       |       |     1 |     3 ||     4
         Berserk           |       |       |     6 ||     6
    Use: Scroll            |       |       |     7 ||     7
 Armour: Animal skin       |    47 |     4 |       ||    51
         Leather armour    |       |    85 |   155 ||   240
  Dodge: Dodged            |    49 |    65 |   103 ||   217
  Block: Kite shield       |       |       |    78 ||    78
